 Dungeon Crawl Stone Soup version 0.28.0-45-g0d030f2227 (webtiles) character file.

Game seed: 6381623630819489829

10 Antichthon the Grasshopper (level 2, 26/26 HPs)
             Began as a Naga Warper on Apr 13, 2022.
             Quit the game on level 1 of the Dungeon.
             The game lasted 00:02:13 (967 turns).

Antichthon the Grasshopper (Naga Warper)             Turns: 967, Time: 00:02:14

Health: 26/26      AC:  2    Str: 13    XL:     2   Next: 20%
Magic:  5/5        EV:  9    Int: 13    God:
Gold:   63         SH:  3    Dex: 10    Spells: 5/5 levels left

rFire   . . .      SeeInvis +   b - +0 hunting sling
rCold   . . .      Faith    .   k - +0 buckler
rNeg    . . .      Spirit   .   l - +0 leather armour
rPois   +          Reflect  .   (no helmet)
rElec   .          Harm     .   (no cloak)
rCorr   .          Rampage  .   (no gloves)
Will    .....                   (no barding)
Stlth   +.........              (no amulet)
HPRegen 0.08/turn               (no ring)
MPRegen 0.09/turn               (no ring)

@: very slow
A: AC +0, large, see invisible, deformed body, poison resistance, slowness 2,
spit poison 1, naga tail 1
a: Spit Poison


You were on level 1 of the Dungeon.
You visited 1 branch of the dungeon, and saw 1 of its levels.

You collected 63 gold pieces.

Inventory:

Hand Weapons
 a - a +0 hand axe
 b - a +0 hunting sling (weapon)
Missiles
 d - 4 boomerangs of dispersal (quivered)
Armour
 k - a +0 buckler (worn)
 l - a +0 leather armour (worn)
Jewellery
 h - a ring of fire
 j - an amulet of reflection
Scrolls
 c - a scroll of blinking
 e - 2 scrolls of identify
 g - a scroll of amnesia
Potions
 f - a potion of magic
 i - a potion of haste


   Skills:
 * Level 2.1 Fighting
 * Level 2.1 Axes
 * Level 0.1(0.4) Slings
 - Level 0.8(0.9) Throwing
 * Level 0.8 Armour
 * Level 1.5 Dodging
 * Level 0.1 Stealth
 * Level 0.1 Shields
 * Level 2.0 Spellcasting
 * Level 3.1 Translocations
 * Level 0.1 Transmutations


You had 5 spell levels left.
You didn't know any spells.
Your spell library contained the following spells:

 Spells                   Type           Power      Damage    Failure   Level
 Blink                    Tloc           18%        N/A       17%         2
 Gell's Gravitas          Tloc           9%         N/A       32%         3
 Lesser Beckoning         Tloc           9%         N/A       32%         3
 Teleport Other           Tloc           9%         N/A       32%         3
 Manifold Assault         Tloc           9%         N/A       97%         5


Dungeon Overview and Level Annotations

Branches:
Dungeon (1/15)

Altars:


Innate Abilities, Weirdness & Mutations

Your serpentine skin is tough. (AC +0)
You have supernaturally acute eyesight. (SInv)
Armour fits poorly on your strangely shaped body.
Your system is resistant to poisons. (rPois)
You cover ground very slowly.
You can spit poison.
You have a snake-like lower body.


Message History

The endoplasm freezes you.
You are frozen.
The endoplasm freezes you.
You are frozen.
You hit the endoplasm.
The endoplasm is moderately wounded.
The endoplasm freezes you.
You are frozen.
You hit the endoplasm.
The endoplasm is severely wounded.
The endoplasm freezes you.
You are frozen.
You hit the endoplasm.
You kill the endoplasm!
You start resting.
HP restored.
b - a +0 hunting sling (weapon)
Found a stone staircase leading down.
You now have 63 gold pieces (gained 12).
As you open the door, it creaks loudly!
There is an open door here.
You open the door.
There is an open door here.
Found a whip.
e - 2 scrolls of identify (gained 1)
A hobgoblin comes into view.
The hobgoblin shouts!
Throw: 5 boomerangs (disperse)
Press: ? - help, Q - select action, (/) - cycle Shift-Dir - straight line, f - hobgoblin
Aim: a hobgoblin (56% to hit)
You throw a boomerang of dispersal.
The boomerang of dispersal hits the hobgoblin.
The hobgoblin blinks!
The hobgoblin is heavily wounded.
a - a +0 hand axe (weapon)
b - a +0 hunting sling (weapon)
Unknown command.
Welcome back, Antichthon the Naga Warper.
Press ? for a list of commands and other information.
Are you sure you want to abandon this character and quit the game? (Confirm with "yes".)

######### #####
#.......# ....#
#.......#### # ....#
#.g........# #.. ....#
#..........# ##...
....#
#..................
....#
#...ยง).....##......##
....#
###@......##......+.
....#
#.........##......##
#+#########
#.##########........
..........# #.#
#........
...######'####'##
#........
...###..........#
#........
.....#..........#
#........
.....'..........#
#......##
#....#..........#
##.......


You could see a hobgoblin.

Vanquished Creatures
  2 ball pythons (D:1)
  An endoplasm (D:1)
  2 giant cockroaches (D:1)
  2 frilled lizards (D:1)
  3 rats (D:1)
10 creatures vanquished.

Notes
Turn   | Place    | Note
-------+----------+-------------------------------------------
     0 | D:1      | Antichthon the Naga Warper began the quest for the Orb.
     0 | D:1      | Reached XP level 1. HP: 19/19 MP: 3/3
   623 | D:1      | Reached XP level 2. HP: 24/26 MP: 5/5
   967 | D:1      | Quit the game

Illustrated notes

Levels and vault maps discovered:
D:1:      dpeg_arrival_boxes_within_box, layout_basic

Action                   || total
-------------------------++-------
Melee: Hand axe          ||    35
Throw: Boomerang         ||     1
  Use: Scroll            ||     3
Armor: Leather armour    ||     7
Dodge: Dodged            ||    21
